 Dungeon Crawl Stone Soup version 0.29-a0-284-gf9362112df (webtiles) character file.

Game seed: 14807970974634379402

89 spiderkeys the Skirmisher (level 4, -1/40 HPs)
             Began as a Draconian Abyssal Knight on Mar 26, 2022.
             Was a Priest of Lugonu.
             Succumbed to a scorpion's poison
             ... on level 5 of the Dungeon.
             The game lasted 00:04:54 (3211 turns).

spiderkeys the Skirmisher (DrAK)                    Turns: 3211, Time: 00:04:55

Health: -1/40      AC:  8    Str: 14 (15) XL:     4   Next: 31%
Magic:  6/6        EV: 14    Int:  7 (10) God:    Lugonu [***...]
Gold:   155        SH:  7    Dex: 13 (14) Spells: 3/3 levels left

rFire   . . .      SeeInvis .   a - +1 spear
rCold   . . .      Faith    .   o - +0 kite shield
rNeg    . . .      Spirit   .   (body armour unavailable)
rPois   .          Reflect  .   (helmet restricted)
rElec   .          Harm     .   m - +2 cloak
rCorr   .          Rampage  .   (no gloves)
Will    .....                   (no boots)
Stlth   +.........              (no amulet)
HPRegen 0.13/turn               E - +4 ring of evasion
MPRegen 0.10/turn               (no ring)

@: lethally poisoned (-1 -> -7), flying
A: AC +5, unfitting armour, cold-blooded, deterioration 1, MP-powered wands
a: Renounce Religion, Depart the Abyss, Bend Space, Banish


You were on level 5 of the Dungeon.
You worshipped Lugonu.
Lugonu was most pleased with you.
You visited 1 branch of the dungeon, and saw 5 of its levels.
You visited the Abyss 1 time.

You collected 155 gold pieces.


Innate Abilities, Weirdness & Mutations

Your plain brown scales are hard. (AC +5)
You cannot fit into any form of body armour.
You are cold-blooded and may be slowed by cold attacks.
Your body sometimes deteriorates upon taking damage.
You expend magic power (3 MP) to strengthen your wands.


   Skills:
 + Level 4.0 Fighting
 + Level 2.8 Polearms
 + Level 2.8 Dodging
 + Level 0.3 Shields
 + Level 2.9 Invocations


You had 3 spell levels left.
You didn't know any spells.
Your spell library was empty.

Inventory:

Hand Weapons
 a - a +1 spear (weapon)
 f - a +0 trident
   (You found it on level 1 of the Dungeon)
Missiles
 c - 147 stones
 q - 11 poisoned darts
Armour
 m - a +2 cloak (worn)
   (You found it on level 3 of the Dungeon)
 n - an orb of light
   (You found it on level 3 of the Dungeon)
 o - a +0 kite shield (worn)
   (You found it on level 3 of the Dungeon)
Jewellery
 E - a +4 ring of evasion (left hand)
   (You found it on level 1 of the Dungeon)
Scrolls
 d - 2 scrolls of enchant weapon
 e - 2 scrolls of noise {!r}
 g - a scroll of magic mapping {!r}
Potions
 h - 3 potions of resistance

Dungeon Overview and Level Annotations

Branches:
Dungeon (5/15)
 Temple: D:4-7

Altars:
Dithmenos
Gozag

### #.. #.# #.# #.#
....##### #.#####.###
..... ..# #Ys@.......
###(..###.#
##.#####.###
.........###...####.#
...##.#.....#......#
#........##..Y######
###.###.#.####.##
............)..#
################


You could see an ice beast and a scorpion.


Message History

The scorpion attacks as you move away!
You block the scorpion's attack. 😮 HP[+1]
You barely miss the scorpion. The scorpion stings you.
You are poisoned.
The scorpion poisons you!
The scorpion stings you but does no damage. 😮 HP[-2]
You take 2 damage, and now have 24/40 hp.
You closely miss the scorpion.
You feel very sick.
You block the scorpion's attack. 😮 HP[-3]
You take 3 damage, and now have 21/40 hp.
You hit the scorpion.
You feel sick.
The scorpion stings you but does no damage. 😨 HP[-1]
You take 1 damage, and now have 20/40 hp.
You closely miss the scorpion.
You feel sick. The scorpion barely misses you. The scorpion stings you.
* * * LOW HITPOINT WARNING * * *
You are more poisoned.
The scorpion poisons you! 😨 HP[-2]
You take 2 damage, and now have 18/40 hp.
It was a potion of degeneration.
There was something very wrong with that liquid.
You feel weakened.
You feel dopey.
You feel clumsy.
You feel very sick. The scorpion stings you.
* * * LOW HITPOINT WARNING * * *
You are lethally poisoned!
The scorpion poisons you! 😨 HP[-4]
You take 4 damage, and now have 14/40 hp.
It was a potion of heal wounds.
You feel much better.
You feel very sick.
The scorpion closely misses you. 😕 HP[+21]
You regained 21 hp, and now have 35/40 hp.
It was a potion of flight.
You feel very buoyant.
You fly up into the air.
You feel very sick. The scorpion stings you.
You are lethally poisoned!
The scorpion poisons you! 😮 HP[-8]
You take 8 damage, and now have 27/40 hp.
Okay, then.
Okay, then.
Press: ? - help, Shift-Dir - straight line, f - scorpion
Aim: a scorpion (moderately wounded, chance to affect: 80%)
You fail to use your ability.
You feel very sick. The scorpion closely misses you.
The scorpion misses you. 😮 HP[-6]
You take 6 damage, and now have 21/40 hp.
Press: ? - help, Shift-Dir - straight line, f/p - scorpion
Aim: a scorpion (moderately wounded, chance to affect: 80%)
You fail to use your ability.
* * * LOW HITPOINT WARNING * * *
You feel very sick. The scorpion stings you.
* * * LOW HITPOINT WARNING * * *
😨 HP[-10]
You take 10 damage, and now have 11/40 hp.
MASSIVE DAMAGE!! (PAUSE)
Press: ? - help, Shift-Dir - straight line, f/p - scorpion
Aim: a scorpion (moderately wounded, chance to affect: 80%)
You fail to use your ability.
* * * LOW HITPOINT WARNING * * *
You feel very sick.
You block the scorpion's attack. 😱 HP[-4]
You take 4 damage, and now have 7/40 hp.
Unknown command.
Really quaff
l - a potion of mutation {!q}?
Really quaff the potion of mutation?
You feel extremely strange.
You feel yourself wasting away.
You feel your magical essence link to the dungeon's wands.
* * * LOW HITPOINT WARNING * * *
You feel very sick.
The scorpion closely misses you. 😱 HP[-3]
You take 3 damage, and now have 4/40 hp.
Unknown command.
You hit the scorpion.
* * * LOW HITPOINT WARNING * * *
You feel sick.
The scorpion barely misses you. 😱 HP[-1]
You take 1 damage, and now have 3/40 hp.
You hit the scorpion but do no damage.
* * * LOW HITPOINT WARNING * * *
You feel sick.
The scorpion stings you but does no damage.
You block the scorpion's attack. 😱 HP[-2]
You take 2 damage, and now have 1/40 hp.
You hit the scorpion but do no damage.
You die...

Skill      XL: |  1  2  3  4 |
---------------+-------------+-----
Fighting       | 4 |  4.0
Polearms       | |  2.8
Dodging        | |  2.8
Shields        | |  0.3
Invocations    | |  2.9

Action                   |  1- 3 |  4- 6 || total
-------------------------+-------+-------++-------
Melee: Spear             |    87 |    59 ||   146
       Tailslap          |    14 |     6 ||    20
       Trident           |    77 |       ||    77
  Use: Scroll            |     4 |     6 ||    10
       Potion            |       |     4 ||     4
 Stab: Sleeping          |     4 |     1 ||     5
Armor: Skin              |    44 |    35 ||    79
Dodge: Dodged            |   132 |    69 ||   201
Block: Kite shield       |     1 |    28 ||    29

Levels and vault maps discovered:
D:1:      saegor_arrival_simple_e, layout_loops_cross,
          shapermc_ecumenical_altar_starsandcircs,
          chequers_serial_rivers_micro_b, minmay_strange_pillars
D:2:      layout_loops_ring
D:3:      layout_loops_cross, grunt_gozag_breadcrumbs,
          mainiacjoe_overflow_alcove_2, st_stairs_2
D:4:      layout_basic, abandoned_shop
D:5:      layout_loops_ring, zin_scriptorium, minmay_temple_entry_poolview,
          serial_shops, nicolae_lakefront_shop, uniq_pikel

Notes
Turn   | Place    | Note
-------+----------+-------------------------------------------
     0 | Abyss:1  | spiderkeys the Draconian Abyssal Knight began the quest for
                  | the Orb.
     0 | Abyss:1  | Reached XP level 1. HP: 19/19 MP: 2/2
     0 | Abyss:1  | magus.rc [v1.11.3]
    13 | D:1      | You pass through the gate.
    13 | D:1      | Escaped the Abyss
   293 | D:1      | Reached XP level 2. HP: 15/26 MP: 3/3
   508 | D:1      | Found a faded altar of an unknown god.
  1201 | D:2      | Reached XP level 3. HP: 31/33 MP: 4/4
  1323 | D:2      | Reached *** piety under Lugonu
  1434 | D:2      | Identified the +5 ring mail of Anaesthesia {rC+ rCorr Str+2
                  | Stlth+}
  1919 | D:3      | Found an opulent altar of Gozag.
  2456 | D:3      | Reached XP level 4. HP: 40/40 MP: 6/6
  2654 | D:3      | Found a shadowy altar of Dithmenos.
  2715 | D:4      | Reached skill level 4 in Fighting
  2779 | D:4      | Noticed a black bear
  2795 | D:4      | HP: 6/40 [black bear (9)]
  2799 | D:5      | Entered Level 5 of the Dungeon
  2799 | D:5      | Noticed an ice beast
  3172 | D:5      | Noticed a scorpion
  3176 | D:5      | Noticed an ice beast
  3207 | D:5      | HP: 7/40 [poisoned by a scorpion]
  3208 | D:5      | Gained mutation: Your body sometimes deteriorates upon
                  | taking damage. [potion of mutation]
  3208 | D:5      | Gained mutation: You expend magic power (3 MP) to
                  | strengthen your wands. [potion of mutation]
  3209 | D:5      | HP: 3/40 [poisoned by a scorpion]
  3210 | D:5      | HP: 1/40 [poisoned by a scorpion]
  3211 | D:5      | Succumbed to a scorpion's poison

Vanquished Creatures
  3 adders
  An ufetubus (D:4)
  3 dart slugs
  2 orcs
  6 ball pythons
  6 bats
  An endoplasm (D:1)
  A giant cockroach (D:1)
  4 hobgoblins
  7 jackals
  A kobold (D:1)
  A quokka (D:2)
  2 frilled lizards
  3 goblins
  7 rats
48 creatures vanquished.

Table legend:
 A = Non-vault XP
 B = Vault XP
 C = Vault XP percentage of total XP
 D = Non-vault monster count
 E = Vault monster count
 F = Vault count percentage of total count
                 A         B        C        D         E       F
            +---------+---------+-------+---------+---------+-------
      Total |     113 |      15 |  11.7 |      45 |       3 |   6.2
            +---------+---------+-------+---------+---------+-------
        D:1 |      39 |       0 |   0.0 |      20 |       0 |   0.0
        D:2 |      32 |       0 |   0.0 |      12 |       0 |   0.0
        D:3 |      23 |      15 |  39.5 |       6 |       3 |  33.3
        D:4 |      13 |       0 |   0.0 |       4 |       0 |   0.0
        D:5 |       6 |       0 |   0.0 |       3 |       0 |   0.0
            +---------+---------+-------+---------+---------+-------

Illustrated notes

Table legend:
 A = Kills in this place as a percentage of kills in entire the game.
 B = Kills by you in this place as a percentage of kills by you in the entire game.
 C = Kills by friends in this place as a percentage of kills by friends in the entire game.
 D = Other kills in this place as a percentage of other kills in the entire game.
 E = Experience gained in this place as a percentage of experience gained in the entire game.
 F = Experience gained in this place divided by the number of levels of this place that you have seen.
                   A       B       C       D       E      F
               +-------+-------+-------+-------+-------+----------------------
         Total | 100.0 | 100.0 |   N/A |   N/A | 100.0 |  21.3
       Dungeon | 100.0 | 100.0 |   N/A |   N/A | 100.0 |  25.6
               +-------+-------+-------+-------+-------+----------------------

Table legend: (Time is in decaauts)
 A = Elapsed time spent in this place.
 B = Non-inter-level travel time spent in this place.
 C = Inter-level travel time spent in this place.
 D = Time resting spent in this place.
 E = Time spent auto-exploring this place.
 F = Levels seen in this place.
 G = Mean time per level.
                   A        B        C        D        E       F      G
               +--------+--------+--------+--------+--------+-----+--------+
         Total |   3235 |   3111 |    124 |    301 |   2248 |   6 |  539.2 |
       Dungeon |   3222 |   3098 |    124 |    301 |   2240 |   5 |  644.4 |
         Abyss |     13 |     13 |      0 |      0 |      8 |   1 |   13.0 |
               +--------+--------+--------+--------+--------+-----+--------+

Top non-repeatable levels by time:
     D:1: 1152 daAuts
     D:3: 772 daAuts
     D:2: 762 daAuts
     D:5: 416 daAuts
     D:4: 119 daAuts
 Abyss:1: 13 daAuts
